 Dungeon Crawl Stone Soup version 0.25.1-2-g60ff931df9 (webtiles) character file.

Game seed: 6847252701213122393

9737 Delamore the Basher (level 11, -7/69 HPs)
             Began as a Gargoyle Fighter on Sept 5, 2020.
             Impaled on a porcupine's spines (13 damage)
             ... on level 10 of the Dungeon.
             The game lasted 00:14:44 (12178 turns).

Delamore the Basher (Gargoyle Fighter)             Turns: 12178, Time: 00:14:45

Health: -7/69      AC: 19    Str: 23    XL:     11   Next: 51%
Magic:  11/11      EV:  6    Int:  9    God:
Gold:   676        SH: 11    Dex:  9    Spells: 10/10 levels left

rFire    . . .     SeeInvis .   G - +2 whip (freeze)
rCold    . . .     Gourm    .   c - +0 kite shield
rNeg     + . .     Faith    .   p - +0 chain mail
rPois    ∞         Spirit   .   (no helmet)
rElec    +         Reflect  .   K - +0 cloak
rCorr    .         Harm     .   y - +0 pair of gloves
MR       .....                  (no boots)
Stlth    ..........             (no amulet)
HPRegen  0.21/turn              (no ring)
MPRegen  0.12/turn              (no ring)

@: no status effects
A: negative energy resistance 1, electricity resistance, unbreathing,
petrification resistance, rot immunity, AC +8
a: no special abilities


You were on level 10 of the Dungeon.
You were not hungry.

You visited 1 branch of the dungeon, and saw 11 of its levels.
You also visited: Ossuary.

You collected 721 gold pieces.
You spent 45 gold pieces at shops.

Inventory:

Hand Weapons
 G - a +2 whip of freezing (weapon)
Missiles
 g - 12 boomerangs (quivered)
 D - 58 poisoned darts
 O - a throwing net
Armour
 b - a +0 scale mail
 c - a +0 kite shield (worn)
 p - a +0 chain mail (worn)
 x - a +0 plate armour
 y - a +0 pair of gloves (worn)
 A - a +2 tower shield
 K - a +0 cloak (worn)
Jewellery
 I - an uncursed amulet of faith
Wands
 a - a wand of iceblast (5)
 o - a wand of disintegration (18)
 s - a wand of enslavement (14)
 B - a wand of paralysis (5)
 E - a wand of acid (13)
 F - a wand of polymorph (1)
 N - a wand of flame (16)
 T - a wand of digging (7)
Scrolls
 e - 4 scrolls of fog {unknown}
 i - 5 scrolls of remove curse
 l - 7 scrolls of magic mapping
 m - 5 scrolls of amnesia {unknown}
 q - a scroll of random uselessness {unknown}
 u - a scroll of noise {unknown}
 v - 7 scrolls of teleportation
 w - 2 scrolls of fear {unknown}
 z - a scroll of enchant armour {unknown}
 H - 4 scrolls of enchant weapon {unknown}
 L - a scroll of immolation {unknown}
 P - a scroll of blinking {unknown}
Potions
 d - a potion of might
 h - 2 potions of lignification
 j - 5 potions of stabbing
 k - 2 potions of brilliance
 n - a potion of ambrosia
 r - a potion of resistance
 t - 2 potions of flight
 C - a potion of haste
 J - a potion of mutation
 M - a potion of heal wounds
 Q - a potion of degeneration {unknown}
 R - a potion of curing {unknown}
Comestibles
 f - 15 rations
 S - a chunk of flesh


   Skills:
 + Level 8.8 Fighting
 - Level 14.0 Maces & Flails
 - Level 3.2 Armour
 + Level 8.8 Shields


You had 10 spell levels left.
You didn't know any spells.
Your spell library contained the following spells:

 Spells                   Type           Power        Failure   Level  Hunger
 Animate Skeleton         Necr           N/A          100%        1    ##.....
 Apportation              Tloc           #.....       100%        1    ##.....
 Corona                   Hex            #......      100%        1    ##.....
 Summon Butterflies       Summ           #.......     100%        1    ##.....
 Summon Small Mammal      Summ           #...         100%        1    ##.....
 Call Imp                 Summ           #.......     100%        2    ###....
 Poisonous Vapours        Pois/Air       #.....       100%        2    ###....
 Call Canine Familiar     Summ           #.......     100%        3    ####...
 Confusing Touch          Hex            #.......     100%        3    ####...
 Conjure Flame            Conj/Fire      #.......     100%        3    ####...
 Gell's Gravitas          Tloc           #.........   100%        3    ####...
 Mephitic Cloud           Conj/Pois/Air  #.......     100%        3    ####...
 Summon Guardian Golem    Hex/Summ       #.......     100%        3    ####...
 Petrify                  Tmut/Erth      #.......     100%        4    #####..
 Summon Ice Beast         Ice/Summ       #.......     100%        4    #####..
 Summon Lightning Spire   Summ/Air       #.......     100%        4    #####..
 Metabolic Englaciation   Hex/Ice        #.........   100%        5    ######.
 Summon Mana Viper        Hex/Summ       #.......     100%        5    ######.
 Yara's Violent Unravell  Hex/Tmut       #.........   100%        5    ######.
 Freezing Cloud           Conj/Ice/Air   #.........   100%        6    #######
 Ring of Flames           Chrm/Fire      #.........   100%        7    #######
 Summon Hydra             Summ           #.........   100%        7    #######


Dungeon Overview and Level Annotations

Branches:
Dungeon (11/15)            Temple (0/1) D:6         Ossuary (visited)
   Lair: D:8-11         Orc: D:9-12

Altars:
Ashenzari
Cheibriados
Nemelex Xobeh
Sif Muna
Wu Jian
Xom
Yredelemnul
Zin

Shops:
D:5 =   D:6 (   D:10 *

Portals:
Trove: D:10 (give 14 scrolls of teleportation)


Innate Abilities, Weirdness & Mutations

You are resistant to torment.
Your stone body is resilient. (AC +8)
You are immune to poison.
You resist negative energy. (rN+)
You are resistant to electric shocks. (rElec)
You can survive without breathing.
You are immune to petrification.
You are immune to rotting.


Message History

The porcupine closely misses you.
You closely miss the porcupine.
The porcupine is moderately wounded.
You closely miss the porcupine.
The porcupine is moderately wounded.
The porcupine bites you but does no damage.
You miss the porcupine.
The porcupine is moderately wounded.
You block the porcupine's attack.
You barely miss the porcupine.
The porcupine is moderately wounded.
Your chain mail prevents you from hitting the porcupine.
The porcupine is moderately wounded.
The porcupine barely misses you.
You miss the porcupine.
The porcupine is moderately wounded.
The porcupine bites you!
* * * LOW HITPOINT WARNING * * *
You are struck by the porcupine's spines.
You die...

#............#### #.#.
#..###..........####.#
#..# #.#######.......#
#>.# #.# #..###### #..#
#.# #..### #..# #.#
#....#### ####..###.#
#.##..... ##........r#
#.##.####
#........@.#######.##.#
#..###..##............#
#..#....#####.#####.###
## #..#.##.# #.# #.#
.#######..#.##.# #.#
#.# ..........#.##.#
#.#####.######
.#######.##.##.#
#.........(...
########.##.##.#
#######.######
##<......##.##.#
#####.# #


You could see a porcupine.

Vanquished Creatures
  2 two-headed ogres (D:8)
  A centaur warrior (D:9)
  An unseen horror (D:11)
  Pikel (D:6)
  A centaur zombie (D:10)
  Prince Ribbit (D:5)
  Sigmund (D:3)
  2 wyverns
  4 hogs (D:8)
  A human (D:8)
  3 hungry ghosts
  Duvessa (D:6)
  2 water moccasins
  A porcupine (D:11)
  4 sky beasts
  2 orc warriors
  3 ice beasts
  3 slaves
  An eye of draining (D:10)
  A black bear (D:11)
  4 ogres
  A crocodile (D:10)
  A centaur (D:8)
  3 big kobolds (D:8)
  9 bullfrogs
  Dowan (D:6)
  A wyvern skeleton (D:8)
  6 scorpions
  8 killer bees
  4 crimson imps
  2 quasits
  3 hounds
  2 jellies (D:6)
  A centaur skeleton (D:4)
  3 orc priests
  6 orc wizards
  2 bullfrog skeletons
  Terence (D:2)
  3 iguanas
  4 worker ants
  A killer bee zombie (D:8)
  6 big kobold zombies (Ossuary)
  A hound skeleton (D:8)
  A mummy (Ossuary)
  A worker ant zombie (D:7)
  9 adders
  A howler monkey skeleton (D:9)
  3 shadow imps
  2 oozes (D:7)
  2 adder skeletons
  7 dart slugs
  3 worms
  13 leopard geckos
  34 orcs
  3 spectral bats (Ossuary)
  7 giant cockroaches
  5 gnoll zombies (Ossuary)
  10 goblins
  7 hobgoblins
  7 jackals
  6 quokkas
  6 bats
  2 bat simulacra (Ossuary)
  6 frilled lizards
  2 goblin simulacra (Ossuary)
  3 goblin zombies (Ossuary)
  5 hobgoblin zombies (Ossuary)
  A jackal skeleton (D:6)
  17 kobolds
  3 kobold simulacra (Ossuary)
  A kobold zombie (Ossuary)
  8 orc zombies (Ossuary)
  8 rats
  3 rat simulacra (Ossuary)
  2 spectral goblins (Ossuary)
  3 spectral kobolds (Ossuary)
  3 spectral rats (Ossuary)
303 creatures vanquished.

Vanquished Creatures (collateral kills)
  A big kobold zombie (Ossuary)
  A hobgoblin zombie (Ossuary)
2 creatures vanquished.

Vanquished Creatures (others)
  2 fungi (D:11)
2 creatures vanquished.

Grand Total: 307 creatures vanquished

Notes
Turn   | Place    | Note
-------+----------+-------------------------------------------
     0 | D:1      | Delamore the Gargoyle Fighter began the quest for the Orb.
     0 | D:1      | Reached XP level 1. HP: 14/14 MP: 1/1
   145 | D:1      | Reached XP level 2. HP: 19/19 MP: 2/2
   442 | D:1      | Reached XP level 3. HP: 19/23 MP: 3/3
   638 | D:1      | Reached skill level 3 in Maces & Flails
  1248 | D:2      | Found a sparkling altar of Nemelex Xobeh.
  1276 | D:2      | Found a shattered altar of Ashenzari.
  1391 | D:2      | Reached XP level 4. HP: 18/29 MP: 4/4
  1749 | D:2      | Noticed Terence
  1764 | D:2      | Killed Terence
  1913 | D:2      | Found a faded altar of an unknown god.
  1936 | D:2      | Reached XP level 5. HP: 12/33 MP: 5/5
  2446 | D:2      | Found a shimmering blue altar of Sif Muna.
  2448 | D:2      | Found an ornate altar of the Wu Jian Council.
  2485 | D:3      | Reached skill level 4 in Maces & Flails
  2808 | D:3      | You fall into a shaft and drop 3 floors!
  2981 | D:6      | Noticed an ogre
  2989 | D:6      | Killed an ogre
  2989 | D:6      | Reached XP level 6. HP: 29/39 MP: 6/6
  3179 | D:6      | Noticed Duvessa
  3180 | D:6      | Noticed Dowan
  3180 | D:6      | Noticed a slave
  3182 | D:6      | Noticed a slave
  3182 | D:6      | Noticed a slave
  3190 | D:6      | Noticed a slave
  3196 | D:6      | Killed Duvessa
  3196 | D:6      | Reached skill level 5 in Fighting
  3196 | D:6      | Reached skill level 5 in Maces & Flails
  3196 | D:6      | Reached skill level 5 in Shields
  3203 | D:6      | Killed a slave
  3241 | D:7      | Noticed a hungry ghost
  3310 | D:7      | Reached XP level 7. HP: 22/44 MP: 7/7
  3322 | D:7      | Found a sand-covered staircase.
  3451 | D:7      | Reached skill level 6 in Maces & Flails
  3520 | Ossuary  | Entered an ossuary
  4074 | D:7      | Reached skill level 7 in Maces & Flails
  4191 | D:7      | Reached XP level 8. HP: 9/49 MP: 8/8
  4536 | D:7      | Reached skill level 8 in Maces & Flails
  4769 | D:7      | Found a snail-covered altar of Cheibriados.
  5039 | D:7      | Found a shimmering altar of Xom.
  5326 | D:6      | Reached skill level 9 in Maces & Flails
  5503 | D:6      | Found Zafalep's Weapon Emporium.
  5632 | D:6      | Noticed Pikel
  5653 | D:6      | Killed Pikel
  5653 | D:6      | Reached skill level 10 in Maces & Flails
  5653 | D:6      | Reached XP level 9. HP: 44/54 MP: 9/9
  5830 | D:5      | Entered Level 5 of the Dungeon
  5962 | D:5      | Found Plog's Jewellery Emporium.
  5990 | D:5      | Reached skill level 11 in Maces & Flails
  6082 | D:5      | Found a basalt altar of Yredelemnul.
  6098 | D:5      | Noticed Prince Ribbit
  6145 | D:5      | Killed Prince Ribbit
  7552 | D:3      | Noticed Sigmund
  7588 | D:3      | Killed Sigmund
  7588 | D:3      | Reached skill level 12 in Maces & Flails
  7927 | D:6      | Found a staircase to the Ecumenical Temple.
  8092 | D:6      | Killed Dowan
  8435 | D:8      | Reached XP level 10. HP: 49/59 MP: 10/10
  8625 | D:8      | Reached skill level 13 in Maces & Flails
  8985 | D:8      | Noticed a two-headed ogre
  9301 | D:8      | Killed a two-headed ogre
  9461 | D:8      | Found a glowing silver altar of Zin.
  9612 | D:8      | Reached skill level 14 in Maces & Flails
 10255 | D:9      | Noticed a two-headed ogre
 10256 | D:9      | Noticed a centaur warrior
 10286 | D:8      | Killed a two-headed ogre
 10421 | D:9      | Killed a centaur warrior
 10421 | D:9      | Reached XP level 11. HP: 67/67 MP: 11/11
 11040 | D:10     | Entered Level 10 of the Dungeon
 11654 | D:10     | Found a portal to a secret trove of treasure.
 11861 | D:10     | Found Zeblaoh's General Store.
 11880 | D:10     | Bought a scroll of magic mapping for 45 gold pieces
 12132 | D:11     | Killed an unseen horror
 12178 | D:10     | Impaled on a porcupine's spines

Illustrated notes

Levels and vault maps discovered:
D:1:      sevenhm_arrival_forest_fort_large_2, layout_basic, grunt_decor_cap,
          st_stairs_3
D:2:      layout_loops_ring, nicolae_overflow_hidden_temple,
          chequers_ecumenical_altar_simple_redux, first_ration,
          minmay_statues_item, uniq_terence
D:3:      layout_basic, kennysheep_decorative_pillar, uniq_sigmund
D:4:      layout_cave_pods
D:5:      layout_gridville, kennysheep_mini_moat, serial_shops, shop,
          uniq_prince_ribbit1
D:6:      layout_basic, temple_statues, serial_shops, shop, uniq_pikel,
          uniq_duvessa
D:7:      layout_loops_cross, lemuel_doored_altar, cheibrodos_worm_habitat,
          nicolae_ossuary_entry_false_entrances
D:8:      layout_cave_pools, zin_scriptorium, grunt_livestock
D:9:      minmay_bloctagon_deflated, layout_cave_pools
D:10:     layout_loops_ring, serial_shops, shop, nicolae_trove_entry_diagonal
D:11:     minmay_shrinking_squares, layout_loops_ring,
          grunt_lair_entry_orc_guard_hut,
          kennysheep_orc_monster_closet_entryway, trog_wizard

Skill      XL: |  1  2  3  4  5  6  7  8  9 10 11 |
---------------+----------------------------------+-----
Maces & Flails | 3 4 5 7 10 12 14 | 14.0
Fighting       | 4 5 7 8 |  8.8
Shields        | 4 5 7 8 |  8.8
Armour         | |  3.2

Action                   |  1- 3 |  4- 6 |  7- 9 | 10-12 || total
-------------------------+-------+-------+-------+-------++-------
Melee: Flail             |   152 |   168 |   447 |       ||   767
       Whip              |       |       |   243 |   657 ||   900
Throw: Boomerang         |     3 |    23 |     3 |     8 ||    37
       Dart              |       |    11 |     7 |     9 ||    27
Evoke: Wand              |       |       |     1 |     4 ||     5
  Use: Scroll            |       |     4 |     3 |     7 ||    14
 Stab: Paralysed         |       |       |       |     8 ||     8
  Eat: Chunk             |     2 |     6 |    14 |     9 ||    31
       Ration            |       |       |     4 |     3 ||     7
Armor: Scale mail        |   108 |   126 |    46 |       ||   280
       Chain mail        |       |       |   233 |   358 ||   591
Dodge: Dodged            |    61 |    65 |   101 |   141 ||   368
Block: Kite shield       |   112 |   112 |   235 |   278 ||   737
